 Dungeon Crawl Stone Soup version 0.30-a0-313-gae38170b09 (webtiles) character file.

Game seed: 3427580128602181965

37 hikkokomori the Caller (level 3, 0/26 HPs)
             Began as a Demigod Summoner on Oct 27, 2022.
             Slain by an adder (3 damage)
             ... on level 2 of the Dungeon.
             The game lasted 00:03:21 (990 turns).

hikkokomori the Caller (Demigod Summoner)            Turns: 990, Time: 00:03:21

Health: 0/26       AC:  2    Str:  9    XL:     3   Next: 7%
Magic:  6/8        EV: 12    Int: 17    God:
Gold:   12         SH:  0    Dex: 18    Spells: 4/5 levels left

rFire   . . .      SeeInvis .    c - +0 hand axe
rCold   . . .      Faith    .    (no shield)
rNeg    . . .      Spirit   .    a - +0 robe
rPois   .          Reflect  .    (no helmet)
rElec   .          Harm     .    (no cloak)
rCorr   .          Rampage  .    (no gloves)
Will    .....                    (no boots)
Stlth   ++........               (no amulet)
HPRegen 0.24/turn                (no ring)
MPRegen 0.11/turn                (no ring)

@: lethally poisoned (0 -> -4)
A: high MP 1, forlorn, divine attributes
a: no special abilities


You were on level 2 of the Dungeon.
You visited 1 branch of the dungeon, and saw 2 of its levels.

You collected 12 gold pieces.

Inventory:

Hand Weapons
 c - a +0 hand axe (weapon)
Armour
 a - a +0 robe (worn)
Scrolls
 e - a scroll of teleportation
 h - a scroll of vulnerability
Potions
 b - 2 potions of magic
 d - a potion of resistance {unknown}
 f - a potion of brilliance {unknown}
 g - a potion of might {unknown}
 i - a potion of cancellation {unknown}


   Skills:
 - Level 2.0 Dodging
 - Level 2.0 Stealth
 - Level 1.9 Spellcasting
 + Level 4.3 Summonings


You had 4 spell levels left.
You knew the following spells:

 Your Spells              Type           Power      Damage    Failure   Level
a - Summon Small Mammal   Summ           64%        N/A       3%          1

Your spell library contained the following spells:

 Spells                   Type           Power      Damage    Failure   Level
 Call Imp                 Summ           16%        N/A       4%          2
 Call Canine Familiar     Summ           16%        N/A       10%         3
 Summon Guardian Golem    Hex/Summ       9%         N/A       24%         3
 Gell's Gravitas          Tloc           1%         N/A       52%         3
 Summon Lightning Spire   Summ/Air       9%         N/A       61%         4
 Fireball                 Conj/Fire      0%         3d3       99%         5


Dungeon Overview and Level Annotations

Branches:
Dungeon (2/15)

Shops:
D:1 [


Innate Abilities, Weirdness & Mutations

You have an increased reservoir of magic. (+10% MP)
You shall have no god before yourself.
Your divine heritage dramatically boosts your attributes as you level up.


Message History

An adder comes into view.
There is an open door here.
There are monsters nearby!
There are monsters nearby!
The worm barely misses you.
There are monsters nearby!
The adder hisses angrily.
You hit the worm.
The worm is lightly wounded.
The worm bites you! The adder misses you. The adder bites you.
You are poisoned.
The adder poisons you!
You feel sick. The worm misses you. The adder barely misses you.
The adder attacks as you move away! The adder bites you.
You feel sick.
Your quokka misses the adder.
Your rat barely misses the worm.
The worm closely misses your rat.
You hit the adder.
The adder is lightly wounded.
You feel sick. The adder closely misses you.
Your quokka misses the adder. The adder closely misses you.
Your rat bites the worm.
Unknown command.
You hit the adder.
The adder is moderately wounded.
You feel sick.
Your quokka bites the adder but does no damage.
The adder bites you.
* * * LOW HITPOINT WARNING * * *
You are more poisoned.
The adder poisons you!
Your rat bites the worm.
The worm bites your rat.
Your rat dies!
Your rat's corpse disappears in a puff of smoke!
Your quokka barely misses the adder.
The adder bites you.
* * * LOW HITPOINT WARNING * * *
Unknown command.
You hit the adder.
The adder is severely wounded.
* * * LOW HITPOINT WARNING * * *
You feel sick.
Your quokka bites the adder.
The adder bites you.
You die...

## .. #.####
#....# #....#
#....##########
#....#..w......
#....#@S.......
#....#.r.......
#....'.........
#....#.........
#....#.........
######.........
#.........
.[........
.....##+#


You could see a worm, an adder (ally target) and a friendly quokka (summoned).

Vanquished Creatures
  2 dart slugs (D:1)
  2 bats (D:1)
  3 goblins (D:1)
  A hobgoblin (D:1)
  2 jackals (D:1)
  5 kobolds (D:1)
  2 ball pythons (D:1)
  A frilled lizard (D:2)
18 creatures vanquished.

Vanquished Creatures (collateral kills)
  3 endoplasms (D:1)
  A goblin (D:1)
  3 jackals (D:1)
  A quokka (D:1)
  A ball python (D:1)
  A kobold (D:1)
  A rat (D:1)
11 creatures vanquished.

Grand Total: 29 creatures vanquished

Notes
Turn   | Place    | Note
-------+----------+-------------------------------------------
     0 | D:1      | hikkokomori the Demigod Summoner began the quest for the
                  | Orb.
     0 | D:1      | Reached XP level 1. HP: 14/14 MP: 5/5
   210 | D:1      | Reached XP level 2. HP: 16/20 MP: 4/7
   380 | D:1      | Reached skill level 4 in Summonings
   456 | D:1      | Got Umpel's Secrets of Singed Coordinates
   473 | D:1      | Found Jyippef's Armour Boutique.
   779 | D:1      | Reached XP level 3. HP: 21/26 MP: 3/8
   990 | D:2      | Slain by an adder

Illustrated notes

Levels and vault maps discovered:
D:1:      minmay_arrival_four_houses, layout_basic, serial_shops, shop,
          serial_bayou_pond_c
D:2:      layout_basic, st_stairs_4, uniq_crazy_yiuf_cottage

Skill      XL: |  1  2 |
---------------+-------+-----
Stealth        | 2 |  2.0
Dodging        | 2 |  2.0
Summonings     | 4 |  4.3
Spellcasting   | |  1.9

Action                   || total
-------------------------++-------
Melee: Unarmed           ||    31
       Hand axe          ||    65
 Cast: Summon Small Mamm ||    27
  Use: Scroll            ||     2
 Stab: Sleeping          ||     4
Armor: Robe              ||    23
Dodge: Dodged            ||    79

Table legend: (Time is in decaauts)
 A = Elapsed time spent in this place.
 B = Non-inter-level travel time spent in this place.
 C = Inter-level travel time spent in this place.
 D = Time resting spent in this place.
 E = Time spent auto-exploring this place.
 F = Levels seen in this place.
 G = Mean time per level.
                   A        B        C        D        E       F      G
               +--------+--------+--------+--------+--------+-----+--------+
         Total |   1015 |    997 |     18 |      0 |    677 |   2 |  507.5 |
       Dungeon |   1015 |    997 |     18 |      0 |    677 |   2 |  507.5 |
               +--------+--------+--------+--------+--------+-----+--------+

Top non-repeatable levels by time:
     D:1: 968 daAuts
     D:2: 46 daAuts
